[Event "*** SCC Grand Prix: Titled Tuesday Blitz"]
[Site "Chess.com"]
[Date "2020.09.08"]
[Round "3"]
[White "VladaSviridova"]
[Black "Yuwono"]
[Result "0-1"]
[WhiteElo "2294"]
[BlackElo "2405"]
[TimeControl "180+1"]
[EndTime "10:27:48 PDT"]
[Termination "Yuwono won by resignation"]

1. d4 Nf6 2. c4 g6 3. Nc3 Bg7 4.
e4 d6 5. Nf3 O-O 6. Be2 e5 7.
O-O Nc6 8. d5 Ne7 9. Ne1 Nd7 10.
Be3 f5 11. f3 f4 12. Bf2 g5 13. Nd3 Rf6 14. c5 Rh6 15. cxd6 cxd6 16. Rc1 a6 17. a4 Nf6 18. a5 Qe8 19. Na4 Qh5 20. h4 gxh4 21.
Nb6 h3 22. g4 fxg3 23. Bxg3 h2+ 24. Kh1 Bh3 25. Nxa8 Qg6 26. Qe1 Nh5 27. Nxe5 Nxg3+ 28. Qxg3 Qxg3 29. Rf2 Bxe5 0-1

[Event "*** SCC Grand Prix: Titled Tuesday Blitz"]
[Site "Chess.com"]
[Date "2020.09.08"]
[Round "3"]
[White "Taron_Shagbazyan"]
[Black "Butterfly"]
[Result "1-0"]
[WhiteElo "2680"]
[BlackElo "2458"]
[TimeControl "180+1"]
[EndTime "10:27:49 PDT"]
[Termination "Taron_Shagbazyan won by resignation"]

1. d4 d6 2. e4 Nf6 3. Nc3 e5 4. f4 exd4 5. Qxd4 Nc6 6. Qd1 Be7 7. Nf3 O-O 8. a3 Re8 9. Bd3 d5 10. e5 Bc5 11. b4 Bb6 12. Na4 Ne4 13. Nxb6 axb6 14. Bb2 f5 15. O-O Be6 16. Qe1 Qe7 17.
Rc1 Red8 18. c4 dxc4 19. Bxe4 fxe4 20. Qxe4 Bd5 21. Qe2 g6 22. Nd2 b5 23. f5 gxf5 24.
Rxf5 Be6 25. Rf6 Nd4 26. Qh5 Nb3 27. Nxb3 cxb3 28. Rcf1 Rd2 29. Qg5+ 1-0

[Event "*** SCC Grand Prix: Titled Tuesday Blitz"]
[Site "Chess.com"]
[Date "2020.09.08"]
[Round "3"]
[White "The_Machine04"]
[Black "ailime26"]
[Result "1-0"]
[WhiteElo "2283"]
[BlackElo "1892"]
[TimeControl "180+1"]
[EndTime "10:27:49 PDT"]
[Termination "The_Machine04 won by resignation"]

1. d4 a6 2. Nf3 b5 3. e4 Bb7 4. Nbd2 g6 5. a4 Bg7 6. axb5 axb5 7. Rxa8 Bxa8 8. Bxb5 e6 9. O-O Ne7 10. c3 O-O 11.
Bd3 d6 12. Re1 c5 13. Nc4 cxd4 14. cxd4 Nbc6 15. Be3 e5 16. d5 Nb4 17. Bb1 f5 18.
Ng5 fxe4 19. Ne6 Qb8 20. Nxf8 Kxf8 21. Bxe4 Bxd5 22. Bxd5 Nbxd5 23. Qd2 Qb4 24. Qxb4 Nxb4 25. Nxd6 Nd3 26. Re2 e4 27. Nxe4 Nxb2 28. Ng5 Kg8 29. Bc1 Nd3 30. Rxe7 Nxc1 31. Re8+ Bf8 32. Nxh7 Kxh7 33.
Rxf8 Ne2+ 34. Kf1 Nd4 35. Rf7+ Kg8 36. Ra7 Nf5 37. g3 Kf8 38. Kg2 Ne7 39. h4 Kf7 40.
Kf3 Kf6 41. Rxe7 Kxe7 42. Kf4 Kf6 43. Kg4 Kg7 44. Kg5 Kh7 45. f4 Kg7 46. g4 Kh7 47. Kf6 Kh6 48. Kf7 Kh7 49. g5 Kh8 50. Kxg6 Kg8 51.
f5 Kh8 52. f6 Kg8 53. f7+ Kf8 54. h5 Ke7 55. Kg7 1-0

[Event "*** SCC Grand Prix: Titled Tuesday Blitz"]
[Site "Chess.com"]
[Date "2020.09.08"]
[Round "3"]
[White "kuban1991"]
[Black "LuckSlayeer"]
[Result "1-0"]
[WhiteElo "2749"]
[BlackElo "2482"]
[TimeControl "180+1"]
[EndTime "10:27:50 PDT"]
[Termination "kuban1991 won by resignation"]

1. Nf3 d5 2. g3 Nf6 3. Bg2 g6 4. O-O Bg7 5. d4 O-O 6. Nbd2 c5 7. dxc5 a5 8. a4 Na6 9. Nb3 Ne4 10. Ne1 Naxc5 11.
Nxc5 Nxc5 12. Qxd5 Qb6 13. Nd3 Nxd3 14. cxd3 Rd8 15.
Qb5 Qe6 16. Be3 Bd7 17. Qb6 Bc6 18. Bxc6 bxc6 19. Rac1 Rdc8 20. Rc2 Qd5 21. Qc5 Qxc5 22. Bxc5 Rab8 23. Ba3 Rb3 24. Rfc1 Rcb8 25. Rxc6 Bxb2 26. Rc8+ Kg7 27. Rxb8 Rxb8 28. Rb1 Be5 29. Rxb8 Bxb8 30. Bxe7 f6 31. Bd8 1-0

[Event "*** SCC Grand Prix: Titled Tuesday Blitz"]
[Site "Chess.com"]
[Date "2020.09.08"]
[Round "3"]
[White "K_A_S_T_O_R"]
[Black "Artem_Sadovsky"]
[Result "1-0"]
[WhiteElo "2765"]
[BlackElo "2523"]
[TimeControl "180+1"]
[EndTime "10:27:52 PDT"]
[Termination "K_A_S_T_O_R won by resignation"]

1. e4 g6 2. d4 Bg7 3. Nf3 d6 4. Bc4 e6 5. Bb3 Ne7 6. O-O h6 7. Re1 g5 8. h3 Ng6 9. a4 Nd7 10. a5 a6 11. Nbd2 O-O 12. Nf1 Qe7 13. Ng3 Kh8 14.
Nh5 Nf6 15. Nxg7 Kxg7 16. e5 Nd7 17. c3 dxe5 18. dxe5 Nc5 19. Bc2 Bd7 20. Nd4 Bb5 21.
Qf3 f5 22. exf6+ Rxf6 23. Qg3 Raf8 24. c4 Bxc4 25. Qc3 Rxf2 26. Nf5+ Kh7 27. Nxe7 Rxc2 28.
Qxc2 1-0

[Event "*** SCC Grand Prix: Titled Tuesday Blitz"]
[Site "Chess.com"]
[Date "2020.09.08"]
[Round "3"]
[White "BilodeauA"]
[Black "Nikithebest"]
[Result "1-0"]
[WhiteElo "2851"]
[BlackElo "2441"]
[TimeControl "180+1"]
[EndTime "10:27:53 PDT"]
[Termination "BilodeauA won by resignation"]

1. d4 Nf6 2. Nc3 d5 3. Bf4 a6 4. e3 e6 5. g4 c5 6. g5 Ng8 7. h4 Bd6 8. Qf3 cxd4 9. exd4 Nc6 10. O-O-O Qc7 11. Nge2 Nge7 12. Bh3 Bd7 13. Qg3 Bxf4+ 14.
Nxf4 O-O-O 15. Nh5 Rhg8 16. Qxc7+ Kxc7 17. f4 Ng6 18. Bg4 b5 19. Ne2 Kd6 20. Ng1 h6 21.
Nf3 b4 22. Ne5 a5 23. Nxf7+ Ke7 24. Nxd8 Nxd8 25. Rde1 Kd6 26. gxh6 gxh6 27. Nf6 Rf8 28. Nxd7 Kxd7 29. Rhf1 Nxf4 30. Kd2 Ke7 31. h5 Ng2 32.
Rxf8 Kxf8 33. Re2 Nh4 34. Rh2 Nf5 35. Bxf5 exf5 36. Rf2 Ke7 37. Rxf5 Ke6 38. Re5+ Kd6 39. Re8 Ne6 40. Rh8 Nxd4 41. Rxh6+ Kc5 42. Rh8 a4 43. h6 a3 44. bxa3 bxa3 45. h7 Nf3+ 46. Ke3 1-0

[Event "*** SCC Grand Prix: Titled Tuesday Blitz"]
[Site "Chess.com"]
[Date "2020.09.08"]
[Round "3"]
[White "SavelievAlexei"]
[Black "CaspiIsrael"]
[Result "0-1"]
[WhiteElo "2402"]
[BlackElo "2641"]
[TimeControl "180+1"]
[EndTime "10:27:53 PDT"]
[Termination "CaspiIsrael won by resignation"]

1. e4 d5 2. exd5 Qxd5 3. Nc3 Qd6 4. d4 Nf6 5. Nf3 a6 6. h3 Nc6 7.
g4 h5 8. g5 Nd5 9. Ne4 Qd8 10. c4 Ndb4 11. d5 Bf5 12. Qe2 Nxd5 13. cxd5 Qxd5 14. Nc3 Qa5 15. Bg2 O-O-O 16. Be3 Nb4 17. Nd4 Rxd4 18. Bxd4 Nc2+ 19. Kf1 Nxd4 20. Qd2 e5 21. Be4 Bxe4 22. Nxe4 Qd5 23. Re1 f5 24.
gxf6 gxf6 25. Rg1 f5 26. Nc3 Qc4+ 27. Ne2 Bb4 28. Qe3 Bxe1 29. Qxe5 Qxe2+ 30. Qxe2 Nxe2 31.
Kxe2 Re8+ 0-1

[Event "*** SCC Grand Prix: Titled Tuesday Blitz"]
[Site "Chess.com"]
[Date "2020.09.08"]
[Round "3"]
[White "Chessmatus"]
[Black "13MiRacLe"]
[Result "0-1"]
[WhiteElo "2392"]
[BlackElo "2597"]
[TimeControl "180+1"]
[EndTime "10:27:54 PDT"]
[Termination "13MiRacLe won on time"]

1. e4 e5 2. Nf3 Nc6 3. Bb5 a6 4.
Ba4 Nf6 5. O-O b5 6. Bb3 Bc5 7.
c3 d6 8. a4 Rb8 9. d4 Bb6 10.
axb5 axb5 11. Na3 O-O 12. Nxb5 Bg4 13. Bc2 Bxf3 14. gxf3 Nh5 15. f4 Nxf4 16. Bxf4 exf4 17. Qf3 Ne7 18. Kh1 c6 19. Na3 c5 20. Nc4 cxd4 21.
Qxf4 dxc3 22. Nxb6 cxb2 23. Ra3 Qxb6 24. Rg3 Ng6 25.
Qg5 Rfc8 0-1

[Event "*** SCC Grand Prix: Titled Tuesday Blitz"]
[Site "Chess.com"]
[Date "2020.09.08"]
[Round "3"]
[White "Harsha_Bharathakoti"]
[Black "ChessicallyInclined"]
[Result "1-0"]
[WhiteElo "2810"]
[BlackElo "2567"]
[TimeControl "180+1"]
[EndTime "10:27:55 PDT"]
[Termination "Harsha_Bharathakoti won by resignation"]

1. c4 b6 2. Nc3 Bb7 3. e4 e5 4.
Nf3 Nc6 5. d4 exd4 6. Nxd4 Nf6 7.
Nxc6 Bxc6 8. e5 Ne4 9. Nxe4 Bxe4 10. Qg4 Bb4+ 11. Bd2 Bxd2+ 12. Kxd2 Bg6 13. Rd1 O-O 14.
Kc1 Qe7 15. f4 f5 16. Qg3 Rad8 17. Bd3 d6 18. Rhe1 dxe5 19. Rxe5 Qf6 20. Rde1 Rd6 21. Bc2 Rd4 22. Kb1 c5 23. h4 h6 24. Re6 1-0

[Event "*** SCC Grand Prix: Titled Tuesday Blitz"]
[Site "Chess.com"]
[Date "2020.09.08"]
[Round "3"]
[White "Nayemhaque22"]
[Black "MestreSoares"]
[Result "1-0"]
[WhiteElo "2338"]
[BlackElo "2099"]
[TimeControl "180+1"]
[EndTime "10:27:56 PDT"]
[Termination "Nayemhaque22 won by checkmate"]

1. d4 Nf6 2. c4 c5 3. dxc5 e6 4.
Nc3 Bxc5 5. Nf3 O-O 6. e4 d6 7.
Be2 Nc6 8. O-O a6 9. a3 Ng4 10.
b4 Ba7 11. h3 Nge5 12. Nxe5 Nxe5 13. Kh1 Bd7 14. Qxd6 Bb8 15. Qd1 Qh4 16. f4 Ng6 17. Qxd7 Nxf4 18. Bxf4 Bxf4 19. Rf3 Be5 20. Raf1 Bxc3 21.
Rxc3 Qxe4 22. Bf3 Qe5 23. Rd3 Rab8 24. Bxb7 h5 25. Rdf3 Rbd8 26. Qc6 Rd2 27. Rxf7 Rxf7 28. Qe8+ Kh7 29. Qxf7 Qg5 30. Be4+ Kh6 31. Qxe6+ g6 32. Qe8 Qg3 33. Qf8+ Kg5 34. Qf6+ Kh6 35. h4 Re2 36. Qh8# 1-0

[Event "*** SCC Grand Prix: Titled Tuesday Blitz"]
[Site "Chess.com"]
[Date "2020.09.08"]
[Round "3"]
[White "XDPS"]
[Black "gmasterkiller"]
[Result "0-1"]
[WhiteElo "2786"]
[BlackElo "2554"]
[TimeControl "180+1"]
[EndTime "10:27:58 PDT"]
[Termination "gmasterkiller won by resignation"]

1. d4 Nf6 2. c4 g6 3. Nc3 Bg7 4. e4 O-O 5. Be2 d6 6. Nf3 e5 7. O-O exd4 8. Nxd4 Re8 9. f3 Nc6 10. Be3 Nh5 11. Qd2 Nf4 12. Bxf4 Nxd4 13. Bd3 a5 14. Kh1 a4 15. Rae1 c6 16. Bh6 Bh8 17. f4 Qa5 18. a3 f5 19. Qf2 fxe4 20. Nxe4 Bf5 21. h3 d5 22. cxd5 cxd5 23. Nd6 Rxe1 24. Rxe1 Bxd3 25.
Re7 Nf5 26. Nxf5 Bxf5 27. Qe3 Be4 28. f5 Qa6 29. Kh2 Qd6+ 0-1

[Event "*** SCC Grand Prix: Titled Tuesday Blitz"]
[Site "Chess.com"]
[Date "2020.09.08"]
[Round "3"]
[White "Machidon"]
[Black "kobemagic"]
[Result "1-0"]
[WhiteElo "2555"]
[BlackElo "2351"]
[TimeControl "180+1"]
[EndTime "10:28:01 PDT"]
[Termination "Machidon won by checkmate"]

1. d4 Nf6 2. Bf4 c5 3. e3 d5 4. c3 Nc6 5. Nd2 Bf5 6. Ngf3 e6 7. Qb3 Qb6 8. Be2 c4 9. Qxb6 axb6 10. a3 b5 11. Rc1 Be7 12. O-O h6 13. h3 g5 14. Bh2 Rg8 15. Rfe1 g4 16. hxg4 Nxg4 17. Bf4 f6 18. Nh2 Nxh2 19. Kxh2 e5 20. Bg3 Kf7 21. dxe5 fxe5 22. e4 dxe4 23. Bh5+ Bg6 24. Bxg6+ Kxg6 25. Rxe4 Bf6 26. Nf3 Rge8 27. Rce1 Rad8 28. Nxe5+ Nxe5 29. Bxe5 Bg5 30. Bd4 Rxe4 31. Rxe4 Rd5 32. Kg3 Bd8 33. Re6+ Kh7 34. Kf4 Ba5 35. g4 b4 36. Re7+ Kg6 37.
Rg7# 1-0

[Event "*** SCC Grand Prix: Titled Tuesday Blitz"]
[Site "Chess.com"]
[Date "2020.09.08"]
[Round "3"]
[White "jefferyx"]
[Black "olksuna"]
[Result "1-0"]
[WhiteElo "2918"]
[BlackElo "2660"]
[TimeControl "180+1"]
[EndTime "10:28:02 PDT"]
[Termination "jefferyx won by resignation"]

1. e4 d6 2. Nf3 Nf6 3. Nc3 c6 4. d4 Bg4 5. h3 Bh5 6. Bd3 e6 7. g4 Bg6 8. Nh4 Nxe4 9. Nxg6 Nxc3 10. bxc3 hxg6 11. Rb1 Qc7 12. Bf4 Nd7 13. c4 Be7 14. c3 Rb8 15. Bg3 g5 16. Qf3 b6 17.
Kf1 c5 18. Re1 Kf8 19. Rxe6 Nf6 20. Re2 g6 21. Kg2 Kg7 22. Rhe1 Rhe8 23. h4 gxh4 24. Bxh4 Ng8 25. Bg3 Qd7 26. Be4 Bf8 27. Rh1 Qe7 28. Bf4 Qf6 29. Qh3 Be7 30. Qh8+ 1-0

[Event "*** SCC Grand Prix: Titled Tuesday Blitz"]
[Site "Chess.com"]
[Date "2020.09.08"]
[Round "3"]
[White "Aborigen_came"]
[Black "ChelsieMonica"]
[Result "1-0"]
[WhiteElo "2707"]
[BlackElo "2419"]
[TimeControl "180+1"]
[EndTime "10:28:05 PDT"]
[Termination "Aborigen_came won by resignation"]

1. Nc3 e5 2. Nf3 Nc6 3. d4 exd4 4. Nxd4 Nf6 5. Bg5 Be7 6. Nf5 O-O 7. Nxe7+ Qxe7 8.
Nd5 Qe5 9. Bxf6 gxf6 10. e3 Qxb2 11. Rb1 Qe5 12. f4 Qe6 13. Kf2 Qd6 14. Bd3 Kh8 15. Qh5 f5 16. Bxf5 h6 17. Rhd1 Kg7 18. Nb6 Qxd1 19.
Rxd1 axb6 20. e4 Ra3 21. Qg4+ Kh8 22. e5 Ne7 23. Bxd7 Bxd7 24. Rxd7 Ng6 25. g3 Rxa2 26. Qf5 c6 27. e6 1-0

[Event "*** SCC Grand Prix: Titled Tuesday Blitz"]
[Site "Chess.com"]
[Date "2020.09.08"]
[Round "3"]
[White "Euge_chess"]
[Black "diablanni"]
[Result "0-1"]
[WhiteElo "2108"]
[BlackElo "2366"]
[TimeControl "180+1"]
[EndTime "10:28:05 PDT"]
[Termination "diablanni won on time"]

1. e4 c5 2. c3 Nf6 3. e5 Nd5 4. g3 d6 5. exd6 e6 6. Bg2 Bxd6 7.
Nf3 Nc6 8. O-O O-O 9. d4 cxd4 10. Nxd4 Nxd4 11. Qxd4 Qc7 12. Nd2 Bd7 13. Ne4 Be5 14. Qd3 a6 15. f4 Bb5 16. Qf3 Bxf1 17. Bxf1 Bd6 18. Nxd6 Qxd6 19. f5 Rad8 20. Bg5 f6 21. Bd2 Qb6+ 22. Kh1 Qxb2 23. fxe6 Qxa1 24. c4 Ne7 25.
Bb4 Rfe8 26. Kg2 Qb2+ 0-1

[Event "*** SCC Grand Prix: Titled Tuesday Blitz"]
[Site "Chess.com"]
[Date "2020.09.08"]
[Round "3"]
[White "PotapovaM"]
[Black "pavelalexandru07"]
[Result "1-0"]
[WhiteElo "2510"]
[BlackElo "2264"]
[TimeControl "180+1"]
[EndTime "10:28:07 PDT"]
[Termination "PotapovaM won by resignation"]

1. d4 Nf6 2. c4 c5 3. d5 e6 4. Nc3 exd5 5. cxd5 d6 6. Nf3 g6 7.
Bf4 Bg7 8. Qa4+ Bd7 9. Qb3 b5 10.
Bxd6 Qb6 11. Be5 O-O 12. e3 c4 13. Qd1 Rc8 14. a3 a5 15. Be2 Na6 16. O-O Nc5 17. Qd4 Nh5 18. d6 Be6 19. Ne4 Ra6 20. Nxc5 Qxc5 21. Bxg7 Nxg7 22. d7 Bxd7 23. Qxd7 Rd6 24.
Qh3 Rd2 25. Nxd2 1-0

[Event "*** SCC Grand Prix: Titled Tuesday Blitz"]
[Site "Chess.com"]
[Date "2020.09.08"]
[Round "3"]
[White "Colombiano07"]
[Black "Gloomy_Wanderer"]
[Result "0-1"]
[WhiteElo "2330"]
[BlackElo "2741"]
[TimeControl "180+1"]
[EndTime "10:28:08 PDT"]
[Termination "Gloomy_Wanderer won by resignation"]

1. d4 Nf6 2. Bf4 e6 3. e3 b6 4.
Nd2 Be7 5. Be2 c5 6. Bf3 d5 7. dxc5 bxc5 8. c4 O-O 9. Ne2 Nc6 10. O-O Qb6 11. b3 Bb7 12. cxd5 exd5 13. Nc3 Rfd8 14.
Qc2 Rac8 15. Na4 Qa5 16. Rfd1 Nb4 17. Qf5 g6 18. Qe5 Nc6 19. Qc3 Qb5 20. Rac1 Nb4 21.
Qa1 d4 22. Bxb7 Qxb7 23. exd4 Nd3 24. Be5 Nxc1 25. Rxc1 cxd4 26. Nc4 Qe4 27. Re1 Qf5 28. Bxd4 Rd7 29. Rxe7 Rxe7 30. Bxf6 Qxf6 0-1

[Event "*** SCC Grand Prix: Titled Tuesday Blitz"]
[Site "Chess.com"]
[Date "2020.09.08"]
[Round "3"]
[White "Sacbutt"]
[Black "Barmen_EV"]
[Result "0-1"]
[WhiteElo "2219"]
[BlackElo "2446"]
[TimeControl "180+1"]
[EndTime "10:28:08 PDT"]
[Termination "Barmen_EV won by resignation"]

1. e4 c5 2. Nf3 Nc6 3. d4 cxd4 4. c3 Nf6 5. e5 Nd5 6. cxd4 d6 7. Nc3 dxe5 8.
Nxe5 Nxc3 9. Nxc6 Qd6 10. bxc3 Qxc6 11. Qb3 Bd7 12. Bc4 e6 13. d5 Qc7 14. dxe6 fxe6 15.
O-O Bd6 16. Bxe6 O-O-O 17. g3 Rhe8 18. Bxd7+ Rxd7 19. Ba3 Kb8 20. Bxd6 Rxd6 21. Rad1 Rc6 22. Rd3 Rb6 23. Qd5 a6 24. Rfd1 Rc6 25. Qh5 g6 26.
Qf3 Re7 27. a4 Ka7 28. Qg4 Rc4 29. Rd7 Rxg4 0-1

[Event "*** SCC Grand Prix: Titled Tuesday Blitz"]
[Site "Chess.com"]
[Date "2020.09.08"]
[Round "3"]
[White "tk22h"]
[Black "TudorAnton"]
[Result "1/2-1/2"]
[WhiteElo "2373"]
[BlackElo "2560"]
[TimeControl "180+1"]
[EndTime "10:28:09 PDT"]
[Termination "Game drawn by repetition"]

1. c4 e5 2. Nc3 Nc6 3. Nf3 g6 4.
d4 exd4 5. Nxd4 Bg7 6. Nxc6 bxc6 7. g3 Ne7 8. Bg2 O-O 9. O-O Rb8 10. Qd2 d6 11. b3 c5 12. Bb2 Bd7 13. Rad1 Bc6 14. Nd5 Nxd5 15. Bxg7 Kxg7 16. Bxd5 Bxd5 17. Qxd5 Re8 18. e3 a5 19. h4 a4 20. Qd3 Rb4 21. Rd2 Qf6 22. Rb1 Ra8 23. Rc1 axb3 24. axb3 Ra3 25. Rc3 Qf3 26. Rd1 Ra2 27. Rc2 Rxb3 28. Qd2 Rxc2 29. Qxc2 Rb4 30. Rc1 Qf6 31. Qc3 Qxc3 32.
Rxc3 Rb2 33. Kg2 Kf6 34. Kf3 Ke5 35. Ra3 Rc2 36. Ra7 Rxc4 37. Rxc7 Ke6 38. g4 h5 39. gxh5 gxh5 40. e4 Rc3+ 41. Kf4 Rc2 42. f3 Rg2 43. Rc8 Kd7 44. Rf8 Rg7 45. Rh8 c4 46. Rxh5 c3 47.
Ra5 Rg1 48. Ra2 Rc1 49. Ke3 Ke6 50. Kd3 Rf1 51. Ke2 Rh1 52. Rc2 Rxh4 53. Rxc3 Ke5 54. Ke3 Rh1 55. Ra3 Rb1 56. f4+ Ke6 57. Ra7 Rb3+ 58.
Kd4 Rb4+ 59. Ke3 f5 60. exf5+ Kxf5 61. Ra5+ Ke6 62. Rh5 Ra4 63. Rg5 Kf6 64. Rd5 Ke6 65. Rh5 Kf6 66. Rd5 Ke6 67. Rh5 Kf6 68. Rd5 1/2-1/2

[Event "*** SCC Grand Prix: Titled Tuesday Blitz"]
[Site "Chess.com"]
[Date "2020.09.08"]
[Round "3"]
[White "lacafi"]
[Black "BigAl"]
[Result "0-1"]
[WhiteElo "2166"]
[BlackElo "2479"]
[TimeControl "180+1"]
[EndTime "10:28:09 PDT"]
[Termination "BigAl won by resignation"]

1. d4 Nf6 2. Nf3 g6 3. c4 Bg7 4.
Nc3 O-O 5. e4 d6 6. Be2 Bg4 7.
O-O Nbd7 8. Be3 e5 9. dxe5 dxe5 10. Qc2 Bxf3 11. Bxf3 c6 12. b4 Re8 13. Rfd1 Qc7 14. Rab1 Nf8 15. Bc5 Rad8 16. Rxd8 Rxd8 17. Rd1 Ne6 18. Bxa7 Rxd1+ 19. Qxd1 b6 20. Qa4 Nd4 21. Qa6 Nd7 22. Na4 Qd6 23. Nxb6 Qxb4 24. h3 Qe1+ 25. Kh2 Nxf3+ 26. gxf3 Qxf2+ 27. Kh1 Qxf3+ 28. Kg1 Qd1+ 29. Kg2 Nf6 30. Na4 Nxe4 31. Qc8+ Bf8 32. Nc5 Qe2+ 33. Kg1 Qf2+ 0-1

[Event "*** SCC Grand Prix: Titled Tuesday Blitz"]
[Site "Chess.com"]
[Date "2020.09.08"]
[Round "3"]
[White "MPGM"]
[Black "Larina_Marija"]
[Result "1-0"]
[WhiteElo "2471"]
[BlackElo "2079"]
[TimeControl "180+1"]
[EndTime "10:28:09 PDT"]
[Termination "MPGM won by resignation"]

1. d4 f5 2. c4 Nf6 3. Nc3 d6 4. Nf3 g6 5. Bf4 Bg7 6. e3 O-O 7. c5 Nh5 8. Bc4+ e6 9. O-O Nxf4 10. exf4 h6 11. Re1 Qf6 12. cxd6 cxd6 13. d5 Re8 14. dxe6 Kh7 15. Qxd6 Nc6 16. Rad1 Bf8 17. Qd5 Nb4 18. Qb5 a6 19. Qxe8 1-0

[Event "*** SCC Grand Prix: Titled Tuesday Blitz"]
[Site "Chess.com"]
[Date "2020.09.08"]
[Round "3"]
[White "Bhagya_2312"]
[Black "floplover"]
[Result "1-0"]
[WhiteElo "2084"]
[BlackElo "2315"]
[TimeControl "180+1"]
[EndTime "10:28:10 PDT"]
[Termination "Bhagya_2312 won by resignation"]

1. e4 c6 2. d4 d5 3. e5 Bf5 4.
Nf3 e6 5. Be2 c5 6. O-O Nc6 7.
c3 cxd4 8. cxd4 Nge7 9. Nc3 Nc8 10. Be3 Be7 11. Rc1 Nb6 12. Na4 Nxa4 13. Qxa4 O-O 14. a3 Qb6 15. b4 Rac8 16. b5 Na5 17. Bd2 Nc4 18. Bxc4 dxc4 19. Ba5 Bd3 20. Rfe1 Rfd8 21. Bxb6 axb6 22. Qa7 Ra8 23. Qxb6 Bxa3 24. Ra1 Bb4 25. Rxa8 Rxa8 26. Qxb7 Rd8 27. Ra1 h6 28. Ra7 Rf8 29.
Ra8 c3 30. Rxf8+ Kxf8 31. Ne1 Bf5 32. Qc8+ Ke7 33. b6 1-0

[Event "*** SCC Grand Prix: Titled Tuesday Blitz"]
[Site "Chess.com"]
[Date "2020.09.08"]
[Round "3"]
[White "Mr_Sinigami"]
[Black "PavelChernomordik"]
[Result "1-0"]
[WhiteElo "2547"]
[BlackElo "2348"]
[TimeControl "180+1"]
[EndTime "10:28:15 PDT"]
[Termination "Mr_Sinigami won by resignation"]

1. d4 g6 2. e4 Bg7 3. Nc3 d6 4. Be3 a6 5. h3 b5 6. g4 Bb7 7.
Bg2 Nd7 8. Nge2 e6 9. Ng3 Ne7 10. O-O O-O 11. Qd2 c5 12. dxc5 Nxc5 13. Rad1 b4 14.
Nce2 Na4 15. Qxb4 Nxb2 16. Qxb7 Nxd1 17. Rxd1 d5 18. exd5 exd5 19. Bxd5 Nxd5 20. Rxd5 Qf6 21. Bd4 Qe6 22. Bxg7 Kxg7 23. Nf4 Qe1+ 24. Kg2 Rab8 25. Qxa6 Rb1 26. Nfh5+ Kg8 27. Qf6 Qg1+ 28. Kf3 1-0

[Event "*** SCC Grand Prix: Titled Tuesday Blitz"]
[Site "Chess.com"]
[Date "2020.09.08"]
[Round "3"]
[White "narutosmith"]
[Black "Gusarov91"]
[Result "0-1"]
[WhiteElo "2252"]
[BlackElo "2623"]
[TimeControl "180+1"]
[EndTime "10:28:15 PDT"]
[Termination "Gusarov91 won on time"]

1. c4 Nf6 2. Nc3 d5 3. cxd5 Nxd5 4. g3 g6 5. Bg2 Nb6 6. d3 Bg7 7. Be3 O-O 8. Qd2 Nc6 9. Bxc6 bxc6 10. Nf3 Bh3 11. Rg1 Nd5 12. Bh6 Bg4 13. Bxg7 Kxg7 14.
Ng5 e5 15. Rc1 Rb8 16. b3 Qe7 17. Na4 h6 18. Ne4 f5 19. Nec5 Kh7 20. Na6 Rbe8 21. Rxc6 e4 22. N4c5 exd3 23. e3 Be2 24. Nxd3 Bf3 25.
Nf4 Rd8 26. Nxd5 Rxd5 27. Rxc7 Qxc7 28. Nxc7 Rxd2 29. Kxd2 Rd8+ 30. Kc3 Rc8 31. Kb4 Rxc7 32. Rb1 Rc2 33. h3 Rxa2 34. Rc1 Rxf2 35. Rc7+ Kg8 36.
Rxa7 Re2 0-1

[Event "*** SCC Grand Prix: Titled Tuesday Blitz"]
[Site "Chess.com"]
[Date "2020.09.08"]
[Round "3"]
[White "Ole83"]
[Black "WinstonSilvakov"]
[Result "1-0"]
[WhiteElo "2357"]
[BlackElo "2135"]
[TimeControl "180+1"]
[EndTime "10:28:16 PDT"]
[Termination "Ole83 won by resignation"]

1. c4 Nf6 2. Nc3 c5 3. g3 Nc6 4. Bg2 d6 5. a3 h5 6. Nf3 h4 7.
Nxh4 Rxh4 8. gxh4 Bg4 9. h3 Bh5 10. b4 Nd7 11. b5 Na5 12. d3 e6 13. Bg5 Be7 14. Bxe7 Qxe7 15. Qa4 Qd8 16. Ne4 Qc7 17. Ng3 Bg6 18. h5 Bh7 19. O-O Rb8 20. Rac1 b6 21.
f4 Nf6 22. e4 Ke7 23. Qd1 Rg8 24. Rc3 g5 25. f5 e5 26. Qd2 Qd8 27. Rf2 Nd7 28.
f6+ Nxf6 29. Qd1 Nd7 30. Qf3 f6 31. Nf1 Qf8 32. Ne3 Qf7 33. Nd5+ Ke6 34. Qf5+ 1-0

[Event "*** SCC Grand Prix: Titled Tuesday Blitz"]
[Site "Chess.com"]
[Date "2020.09.08"]
[Round "3"]
[White "RestartingChess"]
[Black "Dr-Bassem"]
[Result "0-1"]
[WhiteElo "2434"]
[BlackElo "2765"]
[TimeControl "180+1"]
[EndTime "10:28:18 PDT"]
[Termination "Dr-Bassem won by resignation"]

1. e4 d6 2. d4 Nf6 3. Nc3 e5 4. dxe5 dxe5 5. Qxd8+ Kxd8 6. Nf3 Bd6 7. Bg5 Be6 8. O-O-O Nd7 9. Bb5 h6 10. Bxd7 Bxd7 11.
Bh4 g5 12. Rxd6 cxd6 13. Nxg5 Ke8 14. Nf3 Nh5 15. Nd5 Rc8 16. Rd1 Be6 17. Nf6+ Nxf6 18. Bxf6 Rg8 19. g4 Bxg4 20. Rg1 Rg6 21. Nh4 Rxf6 22.
Rxg4 Rxf2 23. c3 Rf4 24. Rg8+ Kd7 25. Rxc8 Kxc8 26. Nf5 Kd7 27. Nxh6 Rxe4 28. Nxf7 Rh4 29. Kc2 Rxh2+ 30. Kb3 b5 31. Ng5 d5 32. Nf3 Re2 33. a4 bxa4+ 34. Kxa4 e4 35. Ne5+ Kd6 36. Nf7+ Ke7 37. Ne5 Rxb2 38. Ka3 Rb6 39. c4 Ke6 40. Ng4 dxc4 41. Ne3 Rb3+ 42. Ka4 0-1

[Event "*** SCC Grand Prix: Titled Tuesday Blitz"]
[Site "Chess.com"]
[Date "2020.09.08"]
[Round "3"]
[White "mfwagnerpeixoto"]
[Black "MustafayevFarid2004"]
[Result "0-1"]
[WhiteElo "2258"]
[BlackElo "2506"]
[TimeControl "180+1"]
[EndTime "10:28:19 PDT"]
[Termination "MustafayevFarid2004 won by resignation"]

1. e4 Nf6 2. Nc3 d5 3. e5 d4 4. exf6 dxc3 5. fxg7 cxd2+ 6. Qxd2 Qxd2+ 7. Bxd2 Bxg7 8. O-O-O c5 9. Bb5+ Bd7 10. Bxd7+ Nxd7 11. Nf3 O-O 12. Be3 Rfd8 13. Rd5 e6 14. Rd2 Nb6 15. c3 Rxd2 16. Nxd2 Rc8 17. Ne4 Nd5 18. Bd2 Rc6 19.
Rd1 f5 20. Ng3 Kf7 21. a3 c4 22. Ne2 e5 23. Be1 Ke6 24. Ng3 Nf4 25. Bd2 Nd3+ 26. Kb1 Rb6 27. Bc1 Bf8 28. Kc2 Nxf2 29. Rf1 Bc5 30. Bd2 f4 31. Nh5 Nd3 32. Bc1 Be3 33.
Bxe3 Rxb2+ 34. Kd1 fxe3 35. Rf6+ Ke7 0-1

[Event "*** SCC Grand Prix: Titled Tuesday Blitz"]
[Site "Chess.com"]
[Date "2020.09.08"]
[Round "3"]
[White "pedromartinez91"]
[Black "midedu"]
[Result "1-0"]
[WhiteElo "2472"]
[BlackElo "2098"]
[TimeControl "180+1"]
[EndTime "10:28:19 PDT"]
[Termination "pedromartinez91 won on time"]

1. Nf3 Nf6 2. g3 g6 3. Bg2 Bg7 4. O-O d6 5. d4 O-O 6. c4 Nc6 7. Nc3 Bg4 8. d5 Na5 9. Nd2 c5 10. f3 Bd7 11. e4 a6 12. a4 Ne8 13. Re1 Nc7 14. Bf1 Bd4+ 15. Kg2 f5 16. Ra3 e5 17. dxe6 Bxe6 18. exf5 Bxf5 19. Nde4 d5 20. cxd5 Nxd5 21. Bh6 Rf7 22. Ng5 Rd7 23. Qc1 Qf6 24. Nce4 Qc6 25. Bd3 Bg7 26. Bxg7 Kxg7 27. Nxc5 Re7 28.
Bxf5 Rxe1 29. Qxe1 gxf5 30. Qe5+ Nf6 31. Nce6+ Kg6 32.
Rc3 Qd5 33. Qc7 Rg8 34. h4 Qd2+ 35. Kh3 1-0

[Event "*** SCC Grand Prix: Titled Tuesday Blitz"]
[Site "Chess.com"]
[Date "2020.09.08"]
[Round "3"]
[White "bratkoo"]
[Black "Klavdia_Nik"]
[Result "1-0"]
[WhiteElo "2474"]
[BlackElo "2130"]
[TimeControl "180+1"]
[EndTime "10:28:21 PDT"]
[Termination "bratkoo won on time"]

1. e4 e5 2. Nf3 Nc6 3. d4 exd4 4. Nxd4 d6 5. Nc3 Nf6 6. Bg5 Be7 7. Qd2 Bd7 8. O-O-O h6 9. Bf4 Nxd4 10. Qxd4 Bc6 11. e5 dxe5 12. Qxe5 Qc8 13. Bb5 Qe6 14. Bxc6+ bxc6 15.
Qxc7 Bd8 16. Qb7 Qc8 17. Rhe1+ Kf8 18. Qxc8 Rxc8 19. Ne4 Nxe4 20. Rxe4 Bb6 21. Rd7 g5 22. Bd6+ Kg8 23. Ree7 Rh7 24. c4 Bxf2 25. c5 Be3+ 26. Rxe3 1-0